 Dungeon Sprint DCSS version 0.23-a0-629-gae4348f (webtiles) character file.

12459 Lanoc the Brawler (level 11, -6/123 HPs)
             Began as a Troll Monk on Dec 26, 2018.
             Was the Champion of Jiyva.
             Mangled by a red devil
             ... wielding a +1 vampiric demon trident
             ... summoned by an orc high priest
              (9 damage)
             ... in the Dungeon (Sprint IX: "|||||||||||||||||||||||||||||").
             The game lasted 00:09:58 (1162 turns).

Lanoc the Brawler (Troll Monk)                      Turns: 1162, Time: 00:09:58

Health: -6/123     AC: 11    Str: 25      XL:     11   Next: 62%
Magic:  8/10       EV: 21    Int:  5 (8)  God:    Jiyva [******]
Gold:   1250       SH:  0    Dex: 12      Spells: 10/10 levels left

rFire    . . .     SeeInvis .     - Unarmed
rCold    + . .     Gourm    +   (no shield)
rNeg     . . .     Faith    .   a - +0 robe
rPois    .         Spirit   .   (helmet restricted)
rElec    .         Reflect  .   w - +0 cloak
rCorr    +         Harm     .   (gloves unavailable)
MR       +....     Clarity  +   (boots unavailable) Stlth +.........NoTele +
                                (no amulet)
HPRegen  0.70/turn              o - +2 ring of evasion
MPRegen  0.12/turn              p - +3 ring of strength

@: berserk cooldown, slowed, drained, very slow
A: large, unfitting armour, antennae 1, claws 3, hooves 1, repulsion field 1,
rugged brown scales 1, thin metallic scales 1, clarity, cold resistance 1, fast
metabolism 3, gourmand, magic resistance 1, sense surroundings 1, regeneration
1, shaggy fur 1, tough skin 2, acidic bite, gelatinous body 1
a: Request Jelly, Slimify, Cure Bad Mutation, Renounce Religion


You were in the Dungeon.
You worshipped Jiyva.
Jiyva was exalted by your worship.
You were completely stuffed.

You visited 1 branch You collected 1250 gold pieces.

Inventory:

Hand Weapons
 n - a +2 scimitar of flaming
Armour
 a - a +0 robe (worn)
 w - a +0 cloak (worn)
Jewellery
 o - a +2 ring of evasion (left claw)
 p - a +3 ring of strength (right claw)
Wands
 m - a wand of iceblast (10)
 u - a wand of acid (8)
Scrolls
 h - 2 scrolls of blinking
 k - 4 scrolls of remove curse
 l - 2 scrolls of amnesia
 q - 2 scrolls of enchant armour
 r - 2 scrolls of fear
 s - 2 scrolls of enchant weapon
Potions
 c - 5 potions of curing
 e - 2 potions of haste
 f - 4 potions of magic
 g - a potion of berserk rage
 i - 4 potions of might
 j - a potion of invisibility
 v - a potion of brilliance
Comestibles
 b - 12 rations


   Skills:
 + Level 11.3(10.9) Fighting
 + Level 11.0(10.6) Armour
 * Level 12.1(11.7) Dodging
 - Level 1.0(0.7) Stealth
 * Level 17.5(17.0) Unarmed Combat


You had 10 spell levels left.
You didn't know any spells.
Your spell library was empty.

Dungeon Overview and Level Annotations

Branches:
Dungeon (1/1)

Altars:
Cheibriados
Dithmenos
Elyvilon
Fedhas
Gozag
Hepliaklqana
Kikubaaqudgha
Makhleb
Nemelex Xobeh
Okawaru
Qazlal
Ru
Sif Muna
Trog
Uskayaw
Vehumet
Wu Jian
Xom
Yredelemnul
Zin
The Shining One
Beogh
Jiyva
Lugonu

Shops:
D =[((


Innate Abilities, Weirdness & Mutations

You are too large for most types of armour.
You have claws for hands.
Your metabolism is lightning-fast.
You like to eat raw meat.
Your natural rate of healing is unusually fast.
You are covered in fur. (AC +1)
You have very tough skin. (AC +2)
You have a pair of small antennae on your head.
You have large cloven feet.
You are surrounded by a mild repulsion field. (EV +2)
You are partially covered in rugged brown scales. (AC +1, +3% HP)
You are partially covered in thin metallic scales. (AC +2)
You possess an exceptional clarity of mind.
Your flesh is cold resistant. (rC+)
You are resistant to hostile enchantments. (MR+)
You passively map a small area around you.
You have acidic saliva.
Your rubbery body absorbs attacks. (AC +1, EV +1)


Message History

The soul eater is heavily wounded.
The neqoxec gestures at you.
You feel dopey. Something feeds on your intellect!
The red devil hits you from afar with a +1 vampiric demon trident.
* * * LOW HITPOINT WARNING * * *
The soul eater hits you!
* * * LOW HITPOINT WARNING * * *
You feel much better.
The red devil hits you from afar with a +1 vampiric demon trident!
* * * LOW HITPOINT WARNING * * *
The soul eater hits you!
* * * LOW HITPOINT WARNING * * *
The red devil closely misses you. The soul eater hits you!
* * * LOW HITPOINT WARNING * * *
You feel drained.
* * * LOW HITPOINT WARNING * * *
The red devil hits you from afar with a +1 vampiric demon trident!
You die...

,, , , * ** * , , ,,, , , , * * *
* * * * ** * +, , , + , * * * * ,
, ,,, , ,, ,, ,{ *
▓▓▓▓▓▓▓▓▓▓▓▓▓▓▓▓▓▓▓▓▓▓▓▓ ,
{{{{{∩.∩3o43@)J)))....(.).)()
▓▓▓▓▓▓▓▓▓▓▓▓▓▓▓▓▓▓▓▓▓▓▓▓▓▓▓▓▓▓▓▓▓
..)..............................
▓▓▓▓▓▓▓▓▓▓▓▓▓▓▓▓▓▓▓▓▓▓▓▓▓▓▓▓▓▓▓▓▓
.[[.[..'..=(.......÷'†......÷††..
▓▓▓▓▓▓▓▓▓▓▓▓▓▓▓▓▓▓▓▓▓▓▓▓▓▓▓▓▓▓▓▓▓
.................................
▓▓▓▓▓▓▓▓▓▓▓▓▓▓▓▓▓▓▓▓▓▓▓▓▓▓▓▓▓▓▓▓▓
.)÷(.†....'.........'____________


You could see a soul eater, an orc high priest, a neqoxec, a red devil and a
neutral jelly (fellow slime).

Vanquished Creatures
  A centaur warrior (D)
  4 orc high priests (D)
  Urug (D)
  5 orc knights (D)
  5 spiny frogs (D)
  A tyrant leech (D)
  3 blink frogs (D)
  3 hippogriffs (D)
  A wyvern (D)
  2 yaks (D)
  2 basilisks (D)
  A vampire mosquito (D)
  4 porcupines (D)
  A water moccasin (D)
  A sky beast (D)
  An ogre (D)
  12 orc warriors (D)
  3 crocodiles (D)
  3 bullfrogs (D)
  A scorpion (D)
  3 orc priests (D)
  3 orc wizards (D)
  4 worker ants (D)
  2 leopard geckos (D)
  5 orcs (D)
  A bat zombie (D)
  2 goblins (D)
  A hobgoblin (D)
  A frilled lizard (D)
  2 rats (D)
79 creatures vanquished.

Vanquished Creatures (collateral kills)
  An orc high priest (D)
  2 orc knights (D)
3 creatures vanquished.

Vanquished Creatures (others)
  An eye of draining (D)
  10 jellies (D)
11 creatures vanquished.

Grand Total: 93 creatures vanquished

Notes
Turn   | Place    | Note
-------+----------+-------------------------------------------
     0 | D        | Lanoc the Troll Monk began the quest for the Orb.
     0 | D        | Reached XP level 1. HP: 22/22 MP: 0/0
    14 | D        | Reached skill level 1 in Armour
    23 | D        | Noticed a worker ant
    28 | D        | Killed a worker ant
    28 | D        | Reached skill level 4 in Unarmed Combat
    28 | D        | Reached XP level 2. HP: 19/31 MP: 1/1
    28 | D        | Reached XP level 3. HP: 23/37 MP: 2/2
    46 | D        | Reached skill level 5 in Unarmed Combat
    55 | D        | Found a roughly hewn altar of Beogh.
    55 | D        | Found a snail-covered altar of Cheibriados.
    55 | D        | Found a shadowy altar of Dithmenos.
    55 | D        | Found a white marble altar of Elyvilon.
    55 | D        | Found a blossoming altar of Fedhas.
    55 | D        | Found an opulent altar of Gozag.
    56 | D        | Found a hazy altar of Hepliaklqana.
    57 | D        | Found a viscous altar of Jiyva.
    58 | D        | Found an ancient bone altar of Kikubaaqudgha.
    59 | D        | Found a corrupted altar of Lugonu.
    60 | D        | Found a burning altar of Makhleb.
    61 | D        | Found a sparkling altar of Nemelex Xobeh.
    62 | D        | Found an iron altar of Okawaru.
    63 | D        | Found a stormy altar of Qazlal.
    64 | D        | Found a sacrificial altar of Ru.
    65 | D        | Became a worshipper of Jiyva Jequng the Shapeless
    65 | D        | Reached * piety under Jiyva
    65 | D        | Reached ** piety under Jiyva
    66 | D        | Found a deep blue altar of Sif Muna.
    67 | D        | Found a bloodstained altar of Trog.
    68 | D        | Found a hide-covered altar of Uskayaw.
    69 | D        | Found a radiant altar of Vehumet.
    70 | D        | Found an ornate altar of the Wu Jian Council.
    71 | D        | Found a shimmering altar of Xom.
    72 | D        | Found a basalt altar of Yredelemnul.
    73 | D        | Found a glowing silver altar of Zin.
    74 | D        | Found a glowing golden altar of the Shining One.
    94 | D        | Reached *** piety under Jiyva
    94 | D        | Gained mutation: You are partially covered in rugged brown
                  | scales. (AC +1, +3% HP) [Jiyva's grace]
   103 | D        | Noticed an eye of draining
   103 | D        | Noticed a hippogriff
   112 | D        | Reached skill level 6 in Unarmed Combat
   112 | D        | Reached XP level 4. HP: 49/49 MP: 3/3
   120 | D        | Killed a hippogriff
   120 | D        | Reached skill level 5 in Fighting
   120 | D        | Reached skill level 5 in Dodging
   120 | D        | Reached skill level 8 in Unarmed Combat
   120 | D        | Reached XP level 5. HP: 15/58 MP: 4/4
   120 | D        | Reached XP level 6. HP: 17/67 MP: 5/5
   146 | D        | Reached **** piety under Jiyva
   146 | D        | Lost mutation: You are partially covered in rugged brown
                  | scales. (AC +1, +3% HP) [Jiyva's grace]
   158 | D        | Gained mutation: You are robust. (+10% HP) [Jiyva's grace]
   158 | D        | Reached ***** piety under Jiyva
   165 | D        | Lost mutation: You are robust. (+10% HP) [Jiyva's grace]
   165 | D        | Gained mutation: Your translucent skin slightly reduces
                  | your foes' accuracy. (Stealth) [Jiyva's grace]
   165 | D        | Reached ****** piety under Jiyva
   167 | D        | Gained mutation: You are agile. (Dex +2) [Jiyva's grace]
   171 | D        | Lost mutation: You are agile. (Dex +2) [Jiyva's grace]
   171 | D        | Gained mutation: You are surrounded by a mild repulsion
                  | field. (EV +2) [Jiyva's grace]
   172 | D        | Noticed a basilisk
   172 | D        | Noticed a centaur warrior
   172 | D        | Noticed a sky beast
   172 | D        | Noticed a hippogriff
   179 | D        | Killed a hippogriff
   179 | D        | Reached skill level 5 in Armour
   179 | D        | Reached skill level 9 in Unarmed Combat
   184 | D        | Killed a sky beast
   184 | D        | Reached skill level 10 in Unarmed Combat
   184 | D        | Reached XP level 7. HP: 34/75 MP: 6/6
   188 | D        | HP: 1/75 [centaur warrior (6)]
   192 | D        | Killed a centaur warrior
   192 | D        | Reached skill level 11 in Unarmed Combat
   192 | D        | Reached XP level 8. HP: 24/87 MP: 7/7
   227 | D        | Reached skill level 12 in Unarmed Combat
   285 | D        | Gained mutation: Your spells are a little harder to cast,
                  | but a little more powerful. [Jiyva's grace]
   285 | D        | Gained mutation: Your system is resistant to poisons.
                  | (rPois) [Jiyva's grace]
   286 | D        | Gained mutation: You are agile. (Dex +2) [Jiyva's grace]
   288 | D        | Gained mutation: You have a pair of small antennae on your
                  | head. [Jiyva's grace]
   293 | D        | Gained mutation: Your flesh is cold resistant. (rC+)
                  | [Jiyva's grace]
   294 | D        | Lost mutation: Your translucent skin slightly reduces your
                  | foes' accuracy. (Stealth) [Jiyva's grace]
   294 | D        | Lost mutation: You are agile. (Dex +2) [Jiyva's grace]
   299 | D        | Gained mutation: Your rubbery body absorbs attacks. (AC +1,
                  | EV +1) [Jiyva's grace]
   303 | D        | Lost mutation: You have a pair of small antennae on your
                  | head. [Jiyva's grace]
   306 | D        | Gained mutation: Your pliable body absorbs attacks. (AC +2,
                  | EV +2) [Jiyva's grace]
   309 | D        | Lost mutation: Your system is resistant to poisons. (rPois)
                  | [Jiyva's grace]
   337 | D        | Gained mutation: You possess an exceptional clarity of
                  | mind. [Jiyva's grace]
   338 | D        | Gained mutation: You have large cloven feet. [Jiyva's
                  | grace]
   338 | D        | Lost mutation: Your spells are a little harder to cast, but
                  | a little more powerful. [Jiyva's grace]
   339 | D        | Gained mutation: You are partially covered in thin metallic
                  | scales. (AC +2) [Jiyva's grace]
   341 | D        | Gained mutation: You are covered in slimy tendrils that may
                  | disarm your opponents. [Jiyva's grace]
   343 | D        | Gained mutation: Your gelatinous body deflects attacks. (AC
                  | +3, EV +3) [Jiyva's grace]
   345 | D        | Lost mutation: You are partially covered in thin metallic
                  | scales. (AC +2) [Jiyva's grace]
   345 | D        | Gained mutation: Armour fits poorly on your strangely
                  | shaped body. [Jiyva's grace]
   351 | D        | Gained mutation: You passively map a small area around you.
                  | [Jiyva's grace]
   354 | D        | Lost mutation: Your gelatinous body deflects attacks. (AC
                  | +3, EV +3) [Jiyva's grace]
   363 | D        | Lost mutation: You are covered in slimy tendrils that may
                  | disarm your opponents. [Jiyva's grace]
   365 | D        | Lost mutation: Armour fits poorly on your strangely shaped
                  | body. [Jiyva's grace]
   370 | D        | Lost mutation: Your pliable body absorbs attacks. (AC +2,
                  | EV +2) [Jiyva's grace]
   372 | D        | Gained mutation: You are partially covered in thin metallic
                  | scales. (AC +2) [Jiyva's grace]
   409 | D        | Noticed a hippogriff
   417 | D        | Killed a hippogriff
   422 | D        | Reached XP level 9. HP: 70/96 MP: 8/8
   425 | D        | Reached skill level 13 in Unarmed Combat
   441 | D        | Noticed a spiny frog
   445 | D        | Killed a spiny frog
   451 | D        | Noticed a spiny frog
   451 | D        | Noticed a spiny frog
   457 | D        | Killed a spiny frog
   459 | D        | Reached skill level 14 in Unarmed Combat
   471 | D        | Killed a spiny frog
   486 | D        | Reached XP level 10. HP: 39/107 MP: 9/9
   592 | D        | Noticed a spiny frog
   593 | D        | Noticed a spiny frog
   612 | D        | Killed a spiny frog
   612 | D        | Reached skill level 15 in Unarmed Combat
   614 | D        | Killed a spiny frog
   726 | D        | Noticed Urug
   746 | D        | Killed Urug
   746 | D        | Reached skill level 10 in Fighting
   746 | D        | Reached skill level 10 in Dodging
   806 | D        | Gained mutation: You have a pair of small antennae on your
                  | head. [Jiyva's grace]
   840 | D        | Gained mutation: Your system is resistant to poisons.
                  | (rPois) [Jiyva's grace]
   848 | D        | Gained mutation: You are partially covered in rugged brown
                  | scales. (AC +1, +3% HP) [Jiyva's grace]
   849 | D        | Gained mutation: You have acidic saliva. [Jiyva's grace]
   874 | D        | Gained mutation: Your body has grown golden eyes which may
                  | confuse attackers. (Acc +3) [Jiyva's grace]
   878 | D        | Gained mutation: You have a small jelly attached to you
                  | that senses nearby items. [Jiyva's grace]
   878 | D        | Lost mutation: You have a small jelly attached to you that
                  | senses nearby items. [Jiyva's grace]
   890 | D        | Lost mutation: Your body has grown golden eyes which may
                  | confuse attackers. (Acc +3) [Jiyva's grace]
   897 | D        | Noticed an orc high priest
   912 | D        | Gained mutation: You are resistant to hostile enchantments.
                  | (MR+) [Jiyva's grace]
   913 | D        | Noticed a smoke demon
   919 | D        | Killed an orc high priest
   919 | D        | Reached skill level 10 in Armour
   919 | D        | Reached skill level 16 in Unarmed Combat
  1039 | D        | Noticed an orc high priest
  1044 | D        | Killed an orc high priest
  1046 | D        | Reached XP level 11. HP: 122/122 MP: 10/10
  1059 | D        | Noticed an orc knight
  1074 | D        | Killed an orc knight
  1091 | D        | Lost mutation: Your system is resistant to poisons. (rPois)
                  | [Jiyva's grace]
  1106 | D        | Found Qefaum's Weapon Boutique.
  1106 | D        | Noticed an orc knight
  1106 | D        | Noticed an orc knight
  1106 | D        | Noticed an orc knight
  1106 | D        | Noticed an orc high priest
  1106 | D        | Noticed an orc knight
  1109 | D        | Killed an orc knight
  1110 | D        | Noticed an orc knight
  1110 | D        | Noticed an orc high priest
  1114 | D        | Noticed a sixfirhy
  1118 | D        | Killed an orc high priest
  1119 | D        | Found Meungue's Antique Weapon Shop.
  1124 | D        | Noticed an orc knight
  1128 | D        | Killed an orc knight
  1128 | D        | Reached skill level 17 in Unarmed Combat
  1130 | D        | Noticed an orc high priest
  1132 | D        | Killed an orc knight
  1139 | D        | Killed an orc knight
  1139 | D        | Killed an orc knight
  1142 | D        | Killed an orc high priest
  1148 | D        | Killed an orc knight
  1149 | D        | Noticed an orc high priest
  1151 | D        | Found Rotofopn's Antique Armour Boutique.
  1157 | D        | Killed an orc high priest
  1158 | D        | Found Kozxaem's Jewellery Shop.
  1160 | D        | Noticed a soul eater
  1162 | D        | HP: 4/123 [soul eater[an orc high priest] (10)]
  1162 | D        | Mangled by a red devil

Vault maps used:
D:        linesprint

Skill      XL: |  1  2  3  4  5  6  7  8  9 10 11 |
---------------+----------------------------------+-----
Armour         | 1 2 4 5 6 7 9 10 11 | 11.0
Fighting       | 3 5 6 7 8 9 10 11 | 11.3
Dodging        | 3 5 6 7 8 9 10 12 | 12.1
Unarmed Combat | 4 6 8 10 11 12 14 16 17 | 17.5
Stealth        | |  1.0

Action                   |  1- 3 |  4- 6 |  7- 9 | 10-12 || total
-------------------------+-------+-------+-------+-------++-------
Melee: Unarmed           |    39 |    22 |    60 |   153 ||   274
       Punch             |     1 |     1 |     4 |    10 ||    16
       Kick              |       |       |    19 |    42 ||    61
       Bite              |       |       |       |    10 ||    10
Invok: Request Jelly     |       |       |       |     1 ||     1
  Use: Potion            |       |       |     1 |     5 ||     6
  Eat: Chunk             |       |     5 |     3 |     4 ||    12
Armor: Robe              |    13 |     3 |    10 |     9 ||    35
Dodge: Dodged            |    19 |    19 |    25 |    73 ||   136

Table legend:
 A = Non-vault XP
 B = Vault XP
 C = Vault XP percentage of total XP
 D = Non-vault monster count
 E = Vault monster count
 F = Vault count percentage of total count
                 A         B        C        D         E       F
            +---------+---------+-------+---------+---------+-------
      Total |       0 |   17799 | 100.0 |       0 |      82 | 100.0
            +---------+---------+-------+---------+---------+-------
          D |       0 |   17799 | 100.0 |       0 |      82 | 100.0
            +---------+---------+-------+---------+---------+-------
